 Dungeon Crawl Stone Soup version 0.27.1-3-gb3d3a73c9e (webtiles) character file.

Game seed: 8296997040303233926

137207 jlumianski the Severer (level 16, -5/152 HPs)
             Began as a Deep Dwarf Fighter on Oct 7, 2021.
             Was the Champion of Makhleb.
             Slain by a shock serpent (13 damage)
             ... on level 2 of the Snake Pit on Oct 8, 2021.
             The game lasted 03:04:27 (24034 turns).

jlumianski the Severer (Deep Dwarf Fighter)        Turns: 24034, Time: 03:04:27

Health: -5/152     AC: 20    Str: 37    XL:     16   Next: 68%
Magic:  1/13       EV: 17    Int: 10    God:    Makhleb [******]
Gold:   695        SH: 22    Dex: 15    Spells: 23/23 levels left

rFire    . . .     SeeInvis +   p - +8 broad axe (flame)
rCold    . . .     Faith    .   c - +1 kite shield
rNeg     + . .     Spirit   .   B - +2 swamp dragon scales
rPois    +         Reflect  +   g - +1 helmet
rElec    .         Harm     .   v - +1 cloak of Starlight {*Dazzle EV+4 Stlth--}
rCorr    .         Rampage  .   S - -1 pair of gloves "Viynaf" {Dex+2 SInv}
Will     ++...                  F - +2 pair of boots
Stlth    ..........             u - amulet of reflection
HPRegen  0.00/turn              j - +6 ring of strength
MPRegen  0.13/turn              k - +6 ring of strength

@: constricted, studying Axes
A: damage resistance, heal wounds, negative energy resistance 1, sense
surroundings 2, no regeneration, deterioration 1
a: Heal Wounds, Renounce Religion, Minor Destruction, Lesser Servant of Makhleb,
Major Destruction, Greater Servant of Makhleb


You were on level 2 of the Snake Pit.
You worshipped Makhleb.
Makhleb was exalted by your worship.
You visited 5 branches of the dungeon, and saw 26 of its levels.

You collected 2252 gold pieces.
You spent 1557 gold pieces at shops.

Inventory:

Hand Weapons
 a - the +6 broad axe of Dividends {antimagic, Int+2}
   (You acquired it on level 9 of the Dungeon)

   It reduces the magical energy of the wielder, and disrupts the spells and
   magical abilities of those it strikes.
   Natural abilities and divine invocations are not affected.
   Int:       It affects your intelligence (+2).
 p - a +8 broad axe of flaming (weapon)
 y - the +9 broad axe "Tattletale" {venom, Drain rElec Int+3 Dex+3}
   (You bought it in a shop on level 1 of the Dungeon)

   It poisons the flesh of those it strikes.
   Int:       It affects your intelligence (+3).
   Dex:       It affects your dexterity (+3).
   rElec:     It insulates you from electricity.
   Drain:     It drains your maximum health when unequipped.
 I - the +3 Elemental Staff {rElec rF++ rC++ Will++ AC+5}
   (You acquired it on level 2 of the Dungeon)

   If the wielder is skilled in Evocations, they can discharge powerful blasts
   of elemental energy when striking with it.
   It enhances your fire, ice, earth and air magic.
   AC:        It affects your AC (+5).
   rF:        It greatly protects you from fire.
   rC:        It greatly protects you from cold.
   rElec:     It insulates you from electricity.
   Will:      It greatly increases your willpower.
Missiles
 i - 28 boomerangs (quivered)
 n - 3 throwing nets
 r - 4 curare-tipped darts
 H - 74 poisoned darts
Armour
 c - a +1 kite shield (worn)
 g - a +1 helmet (worn)
 v - the +1 cloak of Starlight (worn) {*Dazzle EV+4 Stlth--}
   (You bought it in a shop on level 1 of the Dungeon)

   It may blind those who miss an attack against the wearer in melee combat.
   EV:        It affects your evasion (+4).
   Stlth:     It makes you much less stealthy.
 B - +2 swamp dragon scales (worn)
 F - a +2 pair of boots (worn)
 O - a +0 pair of gloves
 S - the -1 pair of gloves "Viynaf" (worn) {Dex+2 SInv}
   (You found it on level 14 of the Dungeon)

   Dex:       It affects your dexterity (+2).
   SInv:      It lets you see invisible.
Magical Staves
 q - a staff of earth
Jewellery
 j - a +6 ring of strength (left hand)
 k - a +6 ring of strength (right hand)
 u - an amulet of reflection (around neck)
 C - a +6 ring of strength
 K - a ring of flight
 P - the ring "Hocu" {Fly rF+}
   (You took it off an efreet on level 14 of the Dungeon)

   [ring of flight]

   rF:        It protects you from fire.
   Fly:       It grants you flight.
 Q - a +6 ring of intelligence
Wands
 b - a wand of iceblast (50)
 o - a wand of polymorph (11)
 x - a wand of acid (15)
 E - a wand of digging (5)
 J - a wand of paralysis (12)
 R - a wand of flame (22)
 T - a wand of mindburst (18)
Scrolls
 f - a scroll of silence
 l - 4 scrolls of holy word
 z - 7 scrolls of teleportation
 G - 4 scrolls of identify
 L - a scroll of summoning
 M - 3 scrolls of fog
 N - 2 scrolls of immolation
 U - a scroll of fear
Potions
 d - 2 potions of might
 h - 5 potions of heal wounds
 m - 4 potions of curing
 s - 2 potions of cancellation
 t - 2 potions of lignification
 w - 4 potions of flight
 A - 3 potions of haste
 D - a potion of mutation
 V - a potion of magic
Miscellaneous
 e - a condenser vane


   Skills:
 + Level 12.0 Fighting
 - Level 18.0 Axes
 + Level 3.7 Throwing
 + Level 9.7 Armour
 + Level 10.1 Dodging
 - Level 3.5 Stealth
 - Level 15.0 Shields
 + Level 0.1 Unarmed Combat
 * Level 4.1 Spellcasting
 * Level 14.4 Invocations
 * Level 4.0 Evocations


You had 23 spell levels left.
You didn't know any spells.
Your spell library contained the following spells:

 Spells                   Type           Power      Damage    Failure   Level
 Corona                   Hex            2%         N/A       32%         1
 Sandblast                Erth           4%         2d4       32%         1
 Sting                    Tmut/Pois      8%         1d3       32%         1
 Ensorcelled Hibernation  Hex/Ice        4%         N/A       43%         2
 Passwall                 Tmut/Erth      1%         N/A       43%         2
 Poisonous Vapours        Pois/Air       4%         N/A       43%         2
 Slow                     Hex            2%         N/A       43%         2
 Static Discharge         Conj/Air       2%         N/A       43%         2
 Confusing Touch          Hex            2%         N/A       67%         3
 Conjure Flame            Conj/Fire      2%         6-21      67%         3
 Inner Flame              Hex/Fire       2%         N/A       67%         3
 Portal Projectile        Hex/Tloc       4%         N/A       67%         3
 Swiftness                Air            2%         N/A       67%         3
 Tukima's Dance           Hex            2%         N/A       67%         3
 Vampiric Draining        Necr           1%         2d6       67%         3
 Cause Fear               Hex            1%         N/A       97%         4
 Olgreb's Toxic Radiance  Pois           2%         N/A       97%         4
 Passage of Golubria      Tloc           N/A        N/A       97%         4
 Petrify                  Tmut/Erth      2%         N/A       97%         4
 Summon Lightning Spire   Summ/Air       2%         N/A       97%         4
 Lee's Rapid Deconstruct  Erth           1%         3d5*      100%        5
 Lightning Bolt           Conj/Air       1%         1d12      100%        5
 Metabolic Englaciation   Hex/Ice        1%         N/A       100%        5
 Silence                  Hex/Air        1%         N/A       100%        5
 Summon Forest            Summ/Tloc      1%         N/A       100%        5
 Summon Mana Viper        Hex/Summ       2%         N/A       100%        5
 Invisibility             Hex            1%         N/A       100%        6
 Statue Form              Tmut/Erth      1%         N/A       100%        6
 Spellforged Servitor     Conj/Summ      1%         N/A       100%        7
 Storm Form               Tmut/Air       1%         N/A       100%        7
 Discord                  Hex            1%         N/A       100%        8
 Lehudib's Crystal Spear  Conj/Erth      1%         10d2      100%        8
 Maxwell's Capacitive Co  Air            1%         ∞         100%        8


Dungeon Overview and Level Annotations

Branches:
Dungeon (15/15)            Temple (1/1) D:6            Lair (6/6) D:9
  Swamp (0/4) Lair:2        Snake (2/4) Lair:4        Slime (0/5) Lair:6
    Orc (2/2) D:12            Elf (0/3) Orc:2        Vaults (0/5) D:13
 Depths (0/5) D:15

Altars:
Ashenzari
Cheibriados
Dithmenos
Elyvilon
Fedhas
Gozag
Hepliaklqana
Kikubaaqudgha
Makhleb
Nemelex Xobeh
Okawaru
Qazlal
Ru
Sif Muna
Trog
Uskayaw
Vehumet
Wu Jian
Xom
Yredelemnul
Zin
The Shining One
Beogh

Shops:
D:1 [*(**   D:2 (?*[*   D:5 **[(**   D:7 [!:!   Orc:1 [[!(*   Orc:2 !!(?*

Annotations:
Lair:5 1 runed translucent door, Mumum's ghost, journeyman DrFE
Snake:2 1 transporter, Zaomp's ghost, adept DjCj


Innate Abilities, Weirdness & Mutations

You are resistant to damage.
You can heal yourself by infusing magical energy.
You resist negative energy. (rN+)
You passively map the area around you.
You do not regenerate.
Your body sometimes deteriorates upon taking damage.


Message History

The anaconda goes berserk!
You block the mana viper's attack.
The guardian serpent coils itself and waves its upper body at you.
The bolt of poison misses the mana viper.
The bolt of poison hits you. You resist.
You slash the moth of wrath! You burn the moth of wrath.
The moth of wrath is almost dead.
You miss the mana viper. You slash the mana viper! You burn the mana viper.
You slash the anaconda! You burn the anaconda! You block the anaconda's attack.
The anaconda constricts you.
The mana viper bites you but does no damage.
You block the mana viper's attack. The anaconda bites you.
* * * LOW HITPOINT WARNING * * *
The anaconda constricts you. You block the moth of wrath's attack.
You block the mana viper's attack.
You hear an angry hiss.
You slash the moth of wrath! You burn the moth of wrath.
You kill the moth of wrath!
Makhleb accepts your kill.
You feel better.
You hit the mana viper but do no damage.
You slash the mana viper! You burn the mana viper.
You closely miss the anaconda. You block the anaconda's attack.
The anaconda constricts you. The mana viper bites you!
* * * LOW HITPOINT WARNING * * *
The shock serpent rages.
The mana viper bites you!
* * * LOW HITPOINT WARNING * * *
You block the anaconda's attack. The anaconda constricts you.
You hear an angry hiss.
Your Evocations skill increases to level 4!
You feel better. You block the anaconda's attack. The anaconda constricts you.
You block the mana viper's attack. The anaconda misses you.
The anaconda's vision is obscured by starry radiance!
The anaconda constricts you. The shock serpent bites you.
The shock serpent shocks you!
* * * LOW HITPOINT WARNING * * *
You block the mana viper's attack. The anaconda misses you.
The anaconda is blinded by the light from your cloak!
The anaconda constricts you. The shock serpent bites you!!
You die...

#....#####...# #..# #.##
.....#......## #..# #.##
.....#.#.############..##### #.##
.....#.#.# ###.............###.##
.....#.#.###...#####.............
.....#.#.##..###.©.###.###.......
#......#.##.##.......#.# #.......
##...###.##.#..#.#...#.###...####
######.....#..#@#.S.#........###
#.....##SSSSS#.##..........
#......#"S#Sy.#.#..........
#.....©#[[5©#...#......####
###+##..#?#.....##.....##
##....#.##?#...#.#©....##
#...^.#.#..#.##..##...##
#.....#.#.#...#...#.###
#.......##..#W...##.#


You could see an anaconda (berserk, blind), a shock serpent (berserk), a moth of
wrath, 3 mana vipers and 2 guardian serpents.

Vanquished Creatures
  Rupert (Lair:4)
  Jorgrun (D:13)
  Frances (D:12)
  Gastronok (Lair:1)
  Kirke (D:12)
  A nagaraja (Snake:2)
  An orc warlord (D:12)
  Snorg (Lair:4)
  Josephine (Orc:1)
  6 hydras
  Fannar (D:12)
  Harold (Lair:2)
  8 naga warriors
  3 anacondas
  5 catoblepae
  The ghost of Rickety the Destroyer, a journeyman GnCj of Vehumet (Lair:1)
  4 boulder beetles
  2 dancing weapons (D:13)
  3 two-headed ogres
  The ghost of barney the Grappler, a novice DrTm of Vehumet (Lair:2)
  4 centaur warriors
  13 death yaks
  7 orc high priests
  3 tengu warriors
  A vampire mage (D:14)
  10 naga sharpshooters
  Urug (Lair:2)
  2 shock serpents
  Sonja (Lair:2)
  A skeletal warrior (D:14)
  A salamander mystic (Snake:2)
  A deep elf knight (D:14)
  A spark wasp zombie (D:15)
  A sea snake (Snake:2)
  2 naga ritualists (Snake:1)
  A golden dragon zombie (D:15)
  A wizard (D:14)
  A necromancer (D:15)
  3 orc knights
  3 mana vipers (Snake:1)
  8 ugly things
  10 cyclopes
  4 deep elf pyromancers
  A salamander (shapeshifter) (D:14)
  4 manticores
  8 salamanders
  4 oklob plants
  A moth of wrath (Snake:2)
  2 guardian serpents (Snake:2)
  Maurice (Orc:1)
  24 black mambas
  10 naga magi
  12 cane toads
  Maggie (D:6)
  2 gargoyles
  6 komodo dragons
  3 rime drakes
  2 ice devils (D:13)
  4 yaktaurs (D:15)
  3 efreet (D:14)
  A guardian mummy (D:15)
  A tengu conjurer (D:14)
  3 meliai (D:12)
  7 trolls
  A tyrant leech (Lair:2)
  3 polar bears
  5 slime creatures (D:13)
  2 raiju (shapeshifter)
  5 dream sheep (Lair:6)
  A blink frog (shapeshifter) (D:14)
  A deep troll skeleton (D:15)
  2 centaur simulacra
  A tarantella (shapeshifter) (D:14)
  A shadow (D:13)
  An ettin skeleton (D:15)
  A vampire (D:10)
  3 wyverns
  2 basilisks
  5 hogs (D:12)
  3 wraiths (Orc:1)
  52 yaks
  4 vampire mosquitoes
  6 wargs
  4 acid dragons
  2 swamp worms (Lair:2)
  22 nagas
  22 water moccasins
  19 orc warriors
  2 black bears (D:9)
  2 ice beasts
  4 sky beasts
  A necrophage (D:8)
  11 ogres
  7 centaurs
  11 wolves
  4 phantoms
  2 kobold brigands
  10 bullfrogs
  2 wyvern zombies (D:6)
  3 gnoll sergeants
  2 water moccasin zombies (D:5)
  3 howler monkeys (D:14)
  4 wights (D:9)
  An electric eel (Snake:2)
  7 centaur zombies
  3 bullfrog zombies
  4 jellies
  A hound (D:5)
  A gnoll shaman (D:8)
  38 orc priests
  An iron imp (D:7)
  5 iguanas
  23 orc wizards
  2 killer bee zombies
  2 hound skeletons
  A howler monkey zombie (D:7)
  22 gnolls
  5 adders
  A river rat (shapeshifter) (D:14)
  2 white imps (D:7)
  3 worms (D:2)
  107 orcs
  6 bats
  3 endoplasms
  4 giant cockroaches
  9 goblins
  A hobgoblin (D:1)
  3 jackals (D:1)
  12 kobolds
  10 quokkas
  12 ball pythons
  2 frilled lizards
  3 rats
  3 bushes (D:10)
757 creatures vanquished.

Vanquished Creatures (collateral kills)
  A death yak (Lair:6)
1 creature vanquished.

Vanquished Creatures (others)
  A manticore (D:14)
  A black mamba (Snake:2)
  A human (D:12)
  37 fungi
  70 plants
  4 withered plants (D:15)
114 creatures vanquished.

Grand Total: 872 creatures vanquished

Notes
Turn   | Place    | Note
-------+----------+-------------------------------------------
     0 | D:1      | jlumianski the Deep Dwarf Fighter began the quest for the
                  | Orb.
     0 | D:1      | Reached XP level 1. HP: 20/20 MP: 1/1
    49 | D:1      | Found Mijypuph's Assorted Antiques.
   178 | D:1      | Found Neasull's Weapon Boutique.
   198 | D:1      | Reached XP level 2. HP: 21/27 MP: 2/2
   266 | D:1      | Found Cexzuec's Armour Emporium.
   440 | D:1      | Found Hiotuotynu's Assorted Antiques.
   614 | D:2      | Found Puenel's Magic Scroll Shop.
   618 | D:2      | Found a faded altar of an unknown god.
   795 | D:1      | Found Reshraull's Assorted Antiques.
   830 | D:1      | Reached XP level 3. HP: 28/33 MP: 3/3
  1171 | D:2      | Found Ypeoc's General Store.
  1262 | D:2      | Reached skill level 3 in Axes
  1262 | D:2      | Reached XP level 4. HP: 20/40 MP: 4/4
  1352 | D:3      | Found a glowing silver altar of Zin.
  1428 | D:2      | Found Koseacal's General Store.
  1440 | D:2      | Found Mobbiry's Antique Armour Boutique.
  1639 | D:2      | Found Dun Bia's Antique Weapon Shoppe.
  2610 | D:4      | Found an ancient bone altar of Kikubaaqudgha.
  2612 | D:4      | Reached XP level 5. HP: 41/48 MP: 5/5
  2666 | D:4      | Found a bloodstained altar of Trog.
  2682 | D:4      | Reached skill level 1 in Dodging
  2719 | D:4      | Reached skill level 1 in Stealth
  2853 | D:4      | Noticed a phantom
  2860 | D:4      | Killed a phantom
  2861 | D:4      | Reached skill level 4 in Axes
  2915 | D:4      | Reached XP level 6. HP: 48/56 MP: 6/6
  2991 | D:4      | Reached skill level 5 in Axes
  3385 | D:5      | Entered Level 5 of the Dungeon
  3389 | D:5      | Found Archaxiv's General Store.
  3396 | D:5      | Noticed a sky beast
  3401 | D:5      | Killed a sky beast
  3406 | D:5      | Reached XP level 7. HP: 31/62 MP: 7/7
  3408 | D:5      | Found an iron altar of Okawaru.
  3414 | D:5      | Reached skill level 6 in Axes
  3414 | D:5      | Reached skill level 5 in Armour
  3476 | D:5      | Found Nazofev's Weapon Shoppe.
  3557 | D:5      | Found Koottui's Assorted Antiques.
  3558 | D:5      | Found Piroidgh's Armour Boutique.
  3566 | D:5      | Reached skill level 5 in Shields
  3602 | D:5      | Found Joaqymeshru's Assorted Antiques.
  3614 | D:5      | Reached skill level 7 in Axes
  3672 | D:5      | Reached XP level 8. HP: 52/69 MP: 8/8
  3676 | D:5      | Found Nics's Neck Hole.
  4131 | D:1      | Bought a bone broad axe for 207 gold pieces
  4131 | D:1      | Identified the +9 broad axe "Tattletale" {venom, Drain
                  | rElec Int+3 Dex+3} (You bought it in a shop on level 1 of
                  | the Dungeon)
  4343 | D:6      | Noticed Maggie
  4349 | D:6      | Killed Maggie
  4350 | D:6      | Reached skill level 8 in Axes
  4350 | D:6      | Reached skill level 1 in Throwing
  4437 | D:6      | Found a basalt altar of Yredelemnul.
  4468 | D:6      | Reached skill level 9 in Axes
  4483 | D:6      | Gained mutation: You passively map the area around you.
                  | [Deep Dwarf growth]
  4483 | D:6      | Reached XP level 9. HP: 28/78 MP: 8/8
  4765 | D:6      | Found a staircase to the Ecumenical Temple.
  4810 | Temple   | Entered the Ecumenical Temple
  5064 | D:7      | Found a white marble altar of Elyvilon.
  5130 | D:7      | Found Soriz's Antique Armour Shop.
  5235 | D:7      | Reached skill level 10 in Axes
  5351 | D:7      | Found a snail-covered altar of Cheibriados.
  5471 | D:7      | Found Werrargh's Book Emporium.
  5644 | D:7      | Found Ciaxt's Distillery.
  5665 | D:7      | Found Rais's Distillery.
  5942 | D:8      | Reached skill level 11 in Axes
  5982 | D:8      | Reached XP level 10. HP: 36/87 MP: 8/8
  6088 | D:8      | Found an ornate altar of the Wu Jian Council.
  6147 | D:8      | Reached skill level 5 in Fighting
  6752 | D:8      | Found a burning altar of Makhleb.
  6771 | D:8      | Became a worshipper of Makhleb the Destroyer
  6886 | D:9      | Reached skill level 12 in Axes
  6916 | D:9      | Found a staircase to the Lair.
  7011 | D:9      | Identified a scroll of acquirement
  7011 | D:9      | Acquired the +6 broad axe of Dividends {antimagic, Int+2}
  7292 | D:10     | Entered Level 10 of the Dungeon
  7387 | D:10     | Noticed a two-headed ogre
  7388 | D:10     | Reached * piety under Makhleb
  7393 | D:10     | Killed a two-headed ogre
  7394 | D:10     | Reached skill level 5 in Dodging
  7786 | D:10     | Found a blossoming altar of Fedhas.
  8007 | D:11     | Noticed a white ugly thing
  8015 | D:11     | Reached XP level 11. HP: 42/97 MP: 9/9
  8017 | D:11     | Killed a white ugly thing
  8033 | D:11     | Noticed a boulder beetle
  8044 | D:11     | Killed a boulder beetle
  8045 | D:11     | Reached skill level 13 in Axes
  8045 | D:11     | Reached skill level 1 in Invocations
  8067 | D:11     | Identified the +5 scale mail of the Tundras {Str-4 Dex+2
                  | SInv}
  8536 | D:12     | Reached ** piety under Makhleb
  8598 | D:12     | Found a staircase to the Orcish Mines.
  8640 | D:12     | Noticed Kirke
  8642 | D:12     | Noticed Frances
  8647 | D:12     | Noticed a soul eater
  8652 | D:12     | Killed Frances
  8653 | D:12     | Reached skill level 5 in Invocations
  8804 | D:12     | Noticed a seven-headed hydra
  8822 | D:12     | Killed a one-headed hydra
  8823 | D:12     | Reached XP level 12. HP: 52/101 MP: 9/11
  8882 | D:12     | Killed Kirke
  8883 | D:12     | Reached skill level 14 in Axes
  9368 | Orc:1    | Entered Level 1 of the Orcish Mines
  9368 | Orc:1    | Noticed an orc warlord
  9422 | D:12     | Killed an orc warlord
  9443 | Orc:1    | Found Zetwi's Antique Armour Emporium.
  9448 | Orc:1    | Noticed Fannar
  9465 | D:12     | Reached skill level 10 in Shields
  9475 | D:12     | Killed Fannar
  9514 | Orc:1    | Found Hyussuxi's Weapon Shoppe.
  9623 | Orc:1    | Found Eganetuh's Distillery.
  9640 | Orc:1    | Noticed Josephine
  9644 | Orc:1    | Noticed Maurice
  9657 | Orc:1    | Killed Josephine
  9666 | Orc:1    | Killed Maurice
  9666 | Orc:1    | Reached *** piety under Makhleb
  9784 | Orc:1    | Found Weonint's CLEARANCE SALE! EVERYTHING MUST GO!.
  9856 | Orc:1    | Found Opha's Jewellery Shoppe.
  9881 | Orc:1    | Found Bodutics's Armour Boutique.
 10216 | D:1      | Bought the +1 cloak of Starlight {*Dazzle EV+4 Stlth--} for
                  | 396 gold pieces
 10216 | D:1      | Found the +1 cloak of Starlight {*Dazzle EV+4 Stlth--}
 10506 | Orc:2    | Entered Level 2 of the Orcish Mines
 10758 | Orc:2    | Noticed an orc high priest
 10766 | Orc:2    | Reached **** piety under Makhleb
 10787 | Orc:2    | Gained mutation: Your body sometimes deteriorates upon
                  | taking damage. [a neqoxec]
 10792 | Orc:2    | HP: 3/110 [something (9)]
 10821 | Orc:1    | Killed an orc high priest
 10900 | Orc:2    | Noticed an orc high priest
 10906 | Orc:2    | Killed an orc high priest
 10907 | Orc:2    | Reached skill level 15 in Axes
 10907 | Orc:2    | Reached XP level 13. HP: 38/117 MP: 10/10
 11293 | Orc:2    | Found a staircase to the Elven Halls.
 11575 | D:2      | Bought a scroll of acquirement for 624 gold pieces
 11578 | D:2      | Acquired the +3 Elemental Staff {rElec rF++ rC++ Will++
                  | AC+5}
 11578 | D:2      | Found the +3 Elemental Staff {rElec rF++ rC++ Will++ AC+5}
 11920 | Orc:1    | Reached ***** piety under Makhleb
 11956 | Orc:2    | Found Evoezxue's General Store.
 12057 | Orc:2    | Found Ystrute Juwi's Antique Weapon Boutique.
 12057 | Orc:2    | Found Naskej's Magic Scroll Emporium.
 12338 | Orc:2    | Found Ywusyokh's Distillery.
 12338 | Orc:2    | Found Geesmu's Distillery.
 12801 | Lair:1   | Entered Level 1 of the Lair of Beasts
 13105 | Lair:1   | Noticed Rickety's ghost (journeyman GnCj)
 13110 | Lair:1   | Found a transporter.
 13136 | Lair:1   | Found a transporter.
 13299 | Lair:1   | Killed Rickety's ghost
 13305 | Lair:1   | Got Xeutuol's Grimoire of Supportive Malediction
 13944 | Lair:2   | Noticed Gastronok
 13971 | Lair:1   | Killed Gastronok
 14000 | Lair:2   | Reached skill level 16 in Axes
 14113 | Lair:2   | Found a runed translucent door.
 14154 | Lair:2   | Noticed barney's ghost (novice DrTm)
 14295 | Lair:2   | Found a staircase to the Swamp.
 14445 | Lair:2   | Reached skill level 10 in Invocations
 14473 | Lair:2   | Noticed Harold
 14482 | Lair:2   | Killed Harold
 14510 | Lair:2   | Noticed Urug
 14521 | Lair:2   | Killed Urug
 14656 | Lair:2   | Noticed Sonja
 14671 | Lair:2   | Killed Sonja
 14672 | Lair:2   | Reached skill level 1 in Evocations
 15395 | Lair:2   | Gained mutation: You resist negative energy. (rN+) [Deep
                  | Dwarf growth]
 15395 | Lair:2   | Reached XP level 14. HP: 119/127 MP: 11/11
 16188 | Lair:2   | Killed barney's ghost
 16369 | D:5      | Bought an amulet of reflection for 330 gold pieces
 16585 | Lair:4   | Noticed Snorg
 16595 | Lair:4   | Killed Snorg
 16596 | Lair:4   | Reached skill level 17 in Axes
 16662 | Lair:4   | Found a staircase to the Snake Pit.
 16698 | Lair:4   | Noticed Rupert
 16708 | Lair:4   | Paralysed by Rupert for 3 turns
 16715 | Lair:4   | Killed Rupert
 17404 | Lair:5   | Reached ****** piety under Makhleb
 17514 | Lair:5   | Found a snail-covered altar of Cheibriados.
 17754 | Lair:5   | Identified the +1 ring mail of the Beginning {rC+ Regen+
                  | Int-2}
 17838 | Lair:5   | Noticed Mumum's ghost (journeyman DrFE)
 17839 | Lair:5   | Found a runed translucent door.
 17960 | Lair:5   | Reached skill level 18 in Axes
 18393 | Lair:6   | Entered Level 6 of the Lair of Beasts
 19247 | Lair:6   | Found a staircase to the Slime Pits.
 19418 | Lair:6   | Reached XP level 15. HP: 42/138 MP: 12/12
 19667 | Lair:6   | Identified the +6 trident of Collusion {vorpal, Drain
                  | Fragile rPois Stlth+}
 20229 | D:13     | Reached skill level 10 in Fighting
 20328 | D:13     | Found a gate to the Vaults.
 20377 | D:13     | Noticed Jorgrun
 20410 | D:13     | Killed Jorgrun
 20957 | D:14     | Identified the ring "Hocu" {Fly rF+}
 21174 | D:14     | Identified the -1 pair of gloves "Viynaf" {Dex+2 SInv}
 21216 | D:14     | Got the Grimoire of the Entrancing Arsonist
 21492 | D:15     | Entered Level 15 of the Dungeon
 21705 | D:15     | Reached skill level 1 in Spellcasting
 21874 | D:15     | Found a staircase to the Depths.
 22479 | Snake:1  | Entered Level 1 of the Snake Pit
 22558 | Snake:1  | Reached XP level 16. HP: 110/150 MP: 11/13
 23131 | Snake:2  | Reached skill level 15 in Shields
 23485 | Snake:2  | Reached skill level 10 in Dodging
 23699 | Snake:2  | Noticed Zaomp's ghost (adept DjCj)
 23707 | Snake:2  | Found a transporter.
 23732 | Snake:2  | Found a transporter.
 24034 | Snake:2  | Slain by a shock serpent

Illustrated notes

Levels and vault maps discovered:
D:1:      eino_arrival_cavern_a, layout_basic, serial_shops, shop, shop, shop,
          nicolae_shop_window_shopping, shop
D:2:      cheibrodos_helix_gallery, layout_basic, serial_shops, shop,
          nicolae_shop_temple_entry_statues_fountains, shop,
          nicolae_square_shop, nicolae_shop_behind_doors,
          ebering_ecumenical_altar_rust, grunt_decor_junction
D:3:      layout_loops_corners, mainiacjoe_overflow_tiny_flanked
D:4:      layout_basic, grunt_temple_overflow_open
D:5:      layout_rooms, okawaru_ov_weapons_minmay, serial_shops,
          nicolae_take_the_stairs, nicolae_shop_trees, nicolae_shop_statue_plus,
          nicolae_stop_n_shop_2, shop_statue, minmay_hedge_maze, minivault_11,
          nicolae_shop_sticking_my_neck_out
D:6:      lemuel_ice_spiral_2, layout_rooms, nicolae_yredelemnul_corpse_copse,
          minmay_temple_entry_nine_rooms, uniq_maggie
D:7:      layout_basic, mainiacjoe_overflow_chevrons, chei_slow_surprise,
          serial_shops, nicolae_shop_behind_doors, nicolae_inconvenience_store,
          shop, shop
D:8:      layout_loops_cross, nicolae_wu_jian_wuxing_cycle,
          makhleb_blood_cavern_becter, special_room [special_room_orc]
D:9:      layout_rooms, david_lair_generic
D:10:     layout_loops_ring, fedhas_bush_and_centaur_altar
D:11:     layout_roguey
D:12:     layout_basic, orc_0_dummy, gauntlet_entry_generic, uniq_kirke,
          uniq_frances
D:13:     layout_loops_ring, erik_vaults_1, portal_ice_cave_demonic_guard,
          moated_statue, minmay_misc_feat_chi, minmay_quadrilaterals,
          uniq_jorgrun
D:14:     minmay_the_grid_plus [minmay_the_grid_odd_star,
          minmay_the_grid_gridbox, minmay_the_grid_minigrid_small,
          minmay_the_grid_outer_circle,
          minmay_the_grid_prize_four_corners_diamond_a], layout_rooms,
          chequers_serial_rivers_micro_b
D:15:     gammafunk_depths_entry_grave, layout_gridville, nicolae_two_hexagons
Temple:   minmay_temple_bridge_abc
Lair:1:   layout_long_grid, gammafunk_ghost_arena,
          nicolae_lair_grove_arrangements, columned_hall_lemuel,
          hibernation_bobbens
Lair:2:   layout_hall_layers, minmay_swamp_entry_worms,
          ebering_ghost_reflecting_pool, uniq_harold, uniq_gastronok, uniq_urug,
          uniq_sonja
Lair:3:   layout_regular_city
Lair:4:   layout_regular_city, minmay_snake_entry_six_corridors,
          lemuel_fruit_tree, uniq_rupert, uniq_snorg
Lair:5:   layout_gridlike, hellmonk_ghost_happy_afterlife, lemuel_oklob_altar,
          infiniplex_staircase_pool_2
Lair:6:   evilmike_catoblepas_cave, layout_long_grid,
          minmay_slime_entry_oklob_enclosed
Snake:1:  layout_rooms
Snake:2:  layout_gridlike, gammafunk_ghost_berserking_beasts,
          serial_bayou_shore_a
Orc:1:    layout_diamond_mine, serial_shops, nicolae_shop_crystal, shop,
          nicolae_diamond_shop, nicolae_shop_waterfront, nicolae_diamond_shop,
          nicolae_shop_clearance, uniq_josephine, uniq_fannar, uniq_maurice
Orc:2:    st_orc_town, layout_diamond_mine, serial_shops, shop

Skill      XL: |  1  2  3  4  5  6  7  8  9 10 11 12 13 14 15 16 |
---------------+-------------------------------------------------+-----
Shields        | 4 5 6 8 9 10 11 13 14 15 | 15.0
Axes           | 3 4 5 7 9 11 12 13 15 16 18 | 18.0
Armour         | 4 5 6 7 8 9 |  9.7
Dodging        | 1 2 4 5 6 7 8 9 10 | 10.1
Stealth        | 1 2 3 |  3.5
Fighting       | 3 4 5 7 8 9 11 12 | 12.0
Throwing       | 1 2 3 |  3.7
Invocations    | 5 8 10 12 13 14 | 14.4
Evocations     | 1 2 4 |  4.0
Spellcasting   | 2 4 |  4.1
Unarmed Combat | |  0.1

Action                   |  1- 3 |  4- 6 |  7- 9 | 10-12 | 13-15 | 16-18 || total
-------------------------+-------+-------+-------+-------+-------+-------++-------
Melee: War axe           |   103 |    74 |    43 |       |       |       ||   220
       Broad axe         |       |       |   139 |   469 |   921 |   267 ||  1796
       Hand axe          |       |       |       |    11 |       |       ||    11
       Unarmed           |       |       |       |     6 |       |       ||     6
Throw: Stone             |     3 |     3 |     7 |       |       |       ||    13
       Boomerang         |       |       |     5 |    13 |    43 |       ||    61
       Dart              |       |       |       |       |    13 |       ||    13
Invok: Lesser Servant of |       |       |       |       |     6 |       ||     6
       Major Destruction |       |       |       |       |     1 |       ||     1
 Abil: Heal Wounds       |     2 |     1 |     5 |    28 |    12 |       ||    48
Evoke: Wand              |       |       |     1 |     3 |    16 |       ||    20
       Condenser vane    |       |       |       |     1 |       |       ||     1
  Use: Scroll            |       |    14 |     6 |     6 |    12 |       ||    38
       Potion            |       |       |       |     1 |       |     2 ||     3
 Stab: Distracted        |       |     1 |     1 |       |     3 |       ||     5
       Sleeping          |       |       |     1 |       |       |       ||     1
       Invisible         |       |       |       |     5 |    14 |     3 ||    22
       Confused          |       |       |       |     5 |       |       ||     5
       Paralysed         |       |       |       |       |     1 |       ||     1
Armor: Scale mail        |    55 |    30 |    18 |       |       |       ||   103
       Swamp dragon scal |       |       |    48 |   164 |   161 |    35 ||   408
Dodge: Dodged            |    34 |    17 |    52 |   262 |   341 |    96 ||   802
Block: Kite shield       |    68 |    38 |   119 |   410 |   678 |   284 ||  1597
       Reflection        |       |       |       |       |    42 |    55 ||    97
